 Dungeon Crawl Stone Soup version 0.24.0-13-gcf9b319 (webtiles) character file.

Game seed: 5909111272415031022, levelgen mode: deterministic

1034 Afromullet the Cudgeler (level 8, -1/71 HPs)
             Began as a Minotaur Berserker on Feb 7, 2020.
             Was an Elder of Trog.
             Slain by a centaur
             ... wielding the +4 rapier "Zamnu" {flame, Str+4}
              (6 damage)
             ... on level 5 of the Dungeon.
             The game lasted 00:14:49 (5927 turns).

Afromullet the Cudgeler (Minotaur Berserker)        Turns: 5927, Time: 00:14:50

Health: -1/71      AC:  6    Str: 24    XL:     8   Next: 3%
Magic:  8/8        EV: 12    Int:  4    God:    Trog [****..]
Gold:   243        SH:  3    Dex: 13    Spells: 7/7 levels left

rFire    . . .     SeeInvis .   p - +1 flail
rCold    . . .     Gourm    .   d - +0 buckler
rNeg     . . .     Faith    .   k - +0 ring mail
rPois    +         Spirit   .   (helmet restricted)
rElec    .         Reflect  .   (no cloak)
rCorr    .         Harm     .   (no gloves)
MR       .....                  (no boots)
Stlth    +.........             (no amulet)
HPRegen  0.21/turn              f - ring of poison resistance
MPRegen  0.11/turn              t - +3 ring of dexterity

@: no status effects
A: retaliatory headbutt, horns 2
a: Berserk, Trog's Hand, Brothers in Arms, Renounce Religion


You were on level 5 of the Dungeon.
You worshipped Trog.
Trog was greatly pleased with you.
You were not hungry.

You visited 1 branch of the dungeon, and saw 5 of its levels.
You also visited: Sewer.

You collected 243 gold pieces.

Inventory:

Hand Weapons
 a - a +0 mace
 i - a +0 hunting sling
 p - a +1 flail (weapon)
Missiles
 j - 115 stones (quivered)
Armour
 b - a +0 animal skin
 d - a +0 buckler (worn)
 k - a +0 ring mail (worn)
Jewellery
 f - a ring of poison resistance (left hand)
 g - an uncursed ring of ice
 t - a +3 ring of dexterity (right hand)
Wands
 q - a wand of iceblast (11)
 x - a wand of enslavement (11)
Scrolls
 m - 3 scrolls of enchant armour {unknown}
 o - 4 scrolls of teleportation
 s - a scroll of remove curse
 u - 2 scrolls of blinking
 y - a scroll of fear {unknown}
Potions
 e - a potion of lignification
 h - a potion of mutation {unknown}
 l - a potion of degeneration
 n - 2 potions of haste {unknown}
 r - a potion of invisibility {unknown}
 v - a potion of heal wounds {unknown}
 w - a potion of curing {unknown}
Comestibles
 c - 9 rations


   Skills:
 * Level 6.8 Fighting
 * Level 7.0 Maces & Flails
 * Level 6.0 Armour
 + Level 4.3 Dodging
 + Level 1.4 Evocations


You had 7 spell levels left.
You didn't know any spells.
Your spell library contained the following spells:

 Spells                   Type           Power        Failure   Level  Hunger
 Summon Butterflies       Summ           #.......     80%         1    ##.....


Dungeon Overview and Level Annotations

Branches:
Dungeon (5/15)             Temple (0/1) D:4           Sewer (visited)

Altars:
Kikubaaqudgha
Sif Muna
Vehumet
Wu Jian
Zin


Innate Abilities, Weirdness & Mutations

You reflexively headbutt those who attack you in melee.
You have a pair of horns on your head.


Message History

The centaur hits you with the +4 rapier "Zamnu" {flame, Str+4}.
The centaur burns you. The centaur closely misses you.
Your shield and ring mail prevent you from hitting the centaur.
The centaur is severely wounded.
The centaur hits you with the +4 rapier "Zamnu" {flame, Str+4}.
The centaur burns you.
You hit the centaur.
The centaur is severely wounded.
The centaur hits you with the +4 rapier "Zamnu" {flame, Str+4}.
The centaur burns you.
You hit the centaur.
The centaur is almost dead.
The centaur hits you with the +4 rapier "Zamnu" {flame, Str+4}!
* * * LOW HITPOINT WARNING * * *
The centaur burns you.
* * * LOW HITPOINT WARNING * * *
The centaur hits you with the +4 rapier "Zamnu" {flame, Str+4}!
* * * LOW HITPOINT WARNING * * *
The centaur burns you.
You die...

# ## .## .# #. #.. ##.#
# ##. .
####.##...######. #..
..##......#..... ...##..
#.............# #.#...
..............# #.....
.......@......#####.....
.......c.......##...#...
........(((##..#...###..
.........((##.....####..
.........#.(#....###....
.......####(.........#..
.....## #((..##...####
...## #:.#(..#...# # ..
#.###..#..##


You could see a centaur.

Vanquished Creatures
  An ice beast (D:3)
  5 big kobolds (Sewer)
  2 howler monkeys (D:5)
  2 crimson imps (D:5)
  A centaur skeleton (D:4)
  3 iguanas
  2 worker ants (D:4)
  11 adders
  4 oozes
  9 worms
  3 dart slugs
  3 leopard geckos
  9 orcs
  4 ball pythons
  6 bats
  10 giant cockroaches
  11 goblins
  13 hobgoblins
  4 jackals (D:3)
  13 kobolds
  A quokka (D:2)
  12 frilled lizards
  33 rats
162 creatures vanquished.

Vanquished Creatures (others)
  A kobold (D:2)
1 creature vanquished.

Grand Total: 163 creatures vanquished

Notes
Turn   | Place    | Note
-------+----------+-------------------------------------------
     0 | D:1      | Afromullet the Minotaur Berserker began the quest for the
                  | Orb.
     0 | D:1      | Reached XP level 1. HP: 19/19 MP: 0/0
   153 | D:1      | Reached skill level 4 in Maces & Flails
   153 | D:1      | Reached XP level 2. HP: 23/27 MP: 1/1
   500 | D:1      | Reached ** piety under Trog
   586 | D:1      | Reached XP level 3. HP: 20/33 MP: 2/2
  1447 | D:2      | HP: 1/34 [poisoned by an adder]
  1983 | D:2      | Found a faded altar of an unknown god.
  2132 | D:2      | Found an ornate altar of the Wu Jian Council.
  2217 | D:2      | Reached XP level 4. HP: 37/41 MP: 3/3
  2446 | D:2      | Reached *** piety under Trog
  2644 | D:3      | Reached skill level 5 in Maces & Flails
  2692 | D:3      | Noticed an ice beast
  2704 | D:3      | Killed an ice beast
  2704 | D:3      | Reached skill level 5 in Fighting
  2704 | D:3      | Reached XP level 5. HP: 25/48 MP: 4/4
  2973 | D:3      | Found an ancient bone altar of Kikubaaqudgha.
  2973 | D:3      | Found a shimmering blue altar of Sif Muna.
  2975 | D:3      | Found a radiant altar of Vehumet.
  2980 | D:3      | Identified Sif Muna's Compendium of the Escort
  2999 | D:3      | Reached **** piety under Trog
  3104 | D:3      | Found a glowing drain.
  3108 | Sewer    | Entered a sewer
  3311 | Sewer    | Reached XP level 6. HP: 47/56 MP: 5/5
  3577 | Sewer    | Reached skill level 6 in Maces & Flails
  3642 | Sewer    | Reached skill level 5 in Armour
  3642 | Sewer    | Reached XP level 7. HP: 56/63 MP: 6/6
  4274 | D:4      | Found a staircase to the Ecumenical Temple.
  4314 | D:4      | Reached skill level 1 in Evocations
  5044 | D:4      | Found a glowing silver altar of Zin.
  5283 | D:5      | Entered Level 5 of the Dungeon
  5529 | D:5      | Reached skill level 7 in Maces & Flails
  5529 | D:5      | Reached XP level 8. HP: 58/71 MP: 8/8
  5912 | D:5      | Identified the +4 rapier "Zamnu" {flame, Str+4}
  5927 | D:5      | Slain by a centaur

Levels and vault maps discovered:
D:1:      doesnt_arrival_eight_statues, layout_loops_ring, serial_forest,
          infiniplex_forest_lined_2, infiniplex_forest_corner_1,
          infiniplex_forest_straight_3, infiniplex_forest_end_2,
          infiniplex_forest_lined_2, infiniplex_forest_lined_2
D:2:      layout_loops_ring, marbit_many_paths, chequers_ecumenical_altar_lobes,
          minmay_rat_hole
D:3:      layout_basic, grunt_temple_overflow_magic_moments, serial_glass,
          glass_columns_a, glass_columns_a, feat_on_display,
          minmay_strange_pillars, minmay_strange_pillars, gup_sewer_entry_spiral
D:4:      layout_layer_cave, old_standard_altar,
          minmay_temple_entry_sparse_star, first_ration,
          chequers_serial_rivers_micro_c, kennysheep_boxes
D:5:      minmay_angry_zag, layout_layer_cave

Skill      XL: |  1  2  3  4  5  6  7 |
---------------+----------------------+-----
Fighting       | 4 5 6 |  6.8
Maces & Flails | 4 5 6 7 |  7.0
Armour         | 3 4 5 6 |  6.0
Dodging        | 3 4 |  4.3
Evocations     | 1 |  1.4

Action                   |  1- 3 |  4- 6 |  7- 9 || total
-------------------------+-------+-------+-------++-------
Melee: Mace              |   110 |    87 |       ||   197
       Headbutt          |    16 |    24 |    22 ||    62
       Flail             |       |    98 |   115 ||   213
Invok: Berserk           |     1 |     1 |       ||     2
  Use: Scroll            |     4 |     3 |     5 ||    12
  Eat: Chunk             |     2 |     3 |     7 ||    12
       Ration            |     1 |     1 |       ||     2
Armor: Animal skin       |    14 |       |       ||    14
       Ring mail         |     5 |    65 |    29 ||    99
Dodge: Dodged            |    92 |   124 |    49 ||   265
Block: Buckler           |     6 |    36 |    16 ||    58
